Map: Tokamak LE

Players

breakdance - Winner!

  • Race: Zerg Zerg
  • League: Diamond
  • Spawn Location: 7:00

ManlyManMeat

  • Race: Zerg Zerg
  • League: Diamond
  • Spawn Location: 1:00

VOD

Have the link to the VOD?

Description

Time

  • Played on: July 1, 2025, 8:15 a.m.
  • Length: 10:52
Show
View Real Time Build Order
Export as new Build Order

breakdance Zerg - Winner!

Build Orders: Hatch First, Roach Hydra 

Get SALT Encoding   

  12  0:00  Drone  
  13  0:12  Overlord  
  13  0:16  Drone  
  14  0:30  Drone x2  
  16  0:46  Hatchery  
  15  0:50  Drone  
  15  0:52  Drone  
  15  0:56  Drone  
  18  1:07  Extractor  
  17  1:12  Spawning Pool  
  17  1:14  Drone  
  17  1:17  Drone  
  18  1:27  Drone  
  19  1:38  Drone  
  20  1:49  Overlord  
  20  1:59  Queen x2  
  20  2:00  Drone  
  25  2:01  Zergling x2  
  26  2:10  Drone  
  26  2:12  Drone  
  28  2:31  Drone x3  
  31  2:40  Lair  
  31  2:41  Drone x2  
  32  2:54  Drone x3  
  35  3:04  Overlord  
  35  3:06  Overlord  
  35  3:08  Hatchery  
  35  3:12  Roach Warren  
  33  3:15  Evolution Chamber  
  33  3:16  Evolution Chamber  
  31  3:20  Spine Crawler  
  31  3:23  Drone x5  
  35  3:39  Drone x3  
  35  3:40  Drone x2  
  40  3:44  Extractor  
  40  3:47  Extractor, Queen  
  40  3:56  Drone x3  
  40  3:57  Drone x2  
  40  3:58  Drone x2  
  40  3:59  Drone  
  48  4:16  Overlord  
  48  4:17  Overlord x2  
  48  4:27  Roach x5  
  58  4:37  Roach  
  58  4:38  Roach  
  62  4:40  Roach x2  
  62  4:41  Roach  
  62  4:42  Overlord  
  62  4:44  Roach  
  70  4:53  Overseer  
  70  4:57  Roach x3  
  76  5:01  Extractor  
  76  5:02  Drone x2  
  76  5:04  Drone  
  76  5:05  Drone  
  76  5:06  Overlord x2  
  79  5:08  Roach  
  79  5:09  Roach x3  
  87  5:18  Glial Reconstitution  
  87  5:24  Drone  
  90  5:28  Roach  
  90  5:29  Roach  
  90  5:30  Roach  
  90  5:32  Roach  
  96  5:37  Hatchery  
  95  5:49  Roach x6  
  105  6:02  Hydralisk Den  
  104  6:07  Roach  
  104  6:08  Overlord x4  
  96  6:31  Roach x10  
  100  6:39  Roach  
  92  6:40  Roach x2  
  90  6:51  Roach  
  90  6:52  Roach x4  
  100  7:10  Roach x4  
  100  7:11  Roach x3  
  114  7:25  Drone x5, Zerg Missile Weapons Level 1  
  114  7:26  Drone x3  
  122  7:55  Roach  
  122  7:56  Roach x10  
  122  7:57  Overlord  
  122  7:58  Overlord  
  144  8:07  Spine Crawler  
  144  8:10  Spine Crawler  
  140  8:14  Grooved Spines  
  140  8:17  Roach x4  
  128  8:30  Extractor  
  128  8:31  Extractor  
  124  8:41  Drone x2  
  124  8:42  Drone x4  
  124  8:43  Drone x5  
  124  8:44  Drone  
  124  8:46  Hydralisk x3  
  142  9:02  Hydralisk x5  
  146  9:04  Muscular Augments  
  146  9:05  Spore Crawler  
  135  9:17  Spore Crawler  
  128  9:24  Hydralisk x6, Spore Crawler  
  125  9:43  Hydralisk  
  125  9:44  Hydralisk x7  
  111  10:08  Hydralisk  
  111  10:09  Hydralisk x8  
Show
View Real Time Build Order
Export as new Build Order

ManlyManMeat Zerg 

Build Orders: Hatch First 

Get SALT Encoding   

  12  0:00  Drone  
  13  0:08  Drone  
  14  0:14  Extractor  
  14  0:16  Drone  
  15  0:27  Overlord  
  15  0:46  Drone  
  15  0:48  Hatchery  
  15  0:50  Drone  
  15  0:54  Drone  
  17  0:57  Drone  
  18  1:09  Extractor  
  17  1:14  Spawning Pool  
  17  1:17  Drone  
  17  1:26  Drone  
  18  1:54  Drone  
  18  1:55  Drone  
  18  2:00  Queen x2  
  24  2:01  Zergling x4  
  24  2:08  Metabolic Boost  
  26  2:21  Overlord  
  26  2:32  Hatchery  
  26  2:34  Drone  
  26  2:52  Drone x4  
  30  3:02  Drone  
  30  3:03  Drone  
  32  3:09  Queen  
  32  3:11  Overlord  
  34  3:26  Zergling x2  
  35  3:30  Baneling Nest  
  35  3:31  Drone x3  
  35  3:32  Drone  
  38  3:39  Drone x3  
  41  3:42  Evolution Chamber  
  41  3:44  Evolution Chamber  
  41  3:46  Zergling x2  
  40  3:55  Zergling x2  
  40  3:56  Zergling x6  
  44  4:07  Zergling x4  
  44  4:08  Zergling x8  
  50  4:13  Zerg Melee Weapons Level 1  
  50  4:16  Zerg Ground Armor Level 1  
  50  4:21  Overlord  
  50  4:32  Baneling x3  
  50  4:36  Extractor  
  50  4:37  Drone  
  50  4:41  Baneling  
  50  4:43  Drone x2  
  50  4:44  Drone x2  
  50  4:45  Drone x3  
  57  4:53  Zergling x2  
  58  5:07  Baneling x4  
  58  5:13  Overlord x4  
  48  5:44  Lair  
  48  5:47  Roach Warren  
  48  5:48  Zergling x4  
  48  5:49  Zergling x38  
  66  6:01  Zergling x8  
  70  6:07  Zerg Missile Weapons Level 1  
  69  6:23  Zergling x2  
  69  6:24  Zergling x10  
  66  6:28  Zergling x2  
  62  6:35  Baneling  
  62  6:37  Baneling  
  62  6:39  Zergling x20  
  67  6:40  Zergling x2  
  67  6:42  Queen  
  69  6:54  Spire  
  55  7:48  Zergling x42  
  63  8:17  Mutalisk x4  
  63  8:18  Mutalisk  
  63  8:19  Overlord x3  
  60  8:20  Overlord  
  51  8:29  Mutalisk  
  51  8:31  Zergling x2  
  49  8:57  Mutalisk  
  38  9:14  Zergling x18  
  20  9:44  Drone x6  
  15  10:15  Drone x3  
  15  10:16  Drone  
  15  10:21  Drone x3  
  22  10:29  Spawning Pool  
Tags
 
Composition
Roach Hydra
Matchup
ZvZ
Race
Zerg
Replay Pack
Myownreplay2
Spawn Locations
Cross Positions
Add a new tag
Caveats
  • Supply blocks, unpowered buildings, or Contaminate may cause inaccurate times.
  • Supply counts are checked every 10 seconds.